 Dungeon Crawl Stone Soup version 0.31-a0-960-g0fca184906 (webtiles) character file.

Game seed: 8505871296237977893

25 gelatine the Chopper (level 2, 0/23 HPs)
             Began as a Demonspawn Gladiator on Oct 23, 2023.
             Succumbed to a goblin's poison
             ... on level 2 of the Dungeon.
             The game lasted 00:01:52 (887 turns).

gelatine the Chopper (Demonspawn Gladiator)          Turns: 887, Time: 00:01:53

Health: 0/23       AC:  5    Str: 14    XL:     2   Next: 86%
Magic:  2/2        EV: 12    Int:  9    God:
Gold:   72         SH:  5    Dex: 14    Spells: 1/1 levels left

rFire   . . .        a - +0 war axe
rCold   . . .        (no shield)
rNeg    . . .        b - +0 leather armour
rPois   .            c - +0 helmet
rElec   .            (no cloak)
rCorr   .            (no gloves)
SInv    .            (no boots)
Will    +....        m - amulet of reflection
Stlth   +            k - ring of willpower
HPRegen 0.23/turn    (no ring)
MPRegen 0.08/turn

%: reflection
@: lethally poisoned (0 -> -8), hasted, very quick
A: rugged brown scales 1
a: no special abilities


You were on level 2 of the Dungeon.
You visited 1 branch of the dungeon, and saw 2 of its levels.

You collected 72 gold pieces.

Inventory:

Hand Weapons
 a - a +0 war axe (weapon)
Missiles
 d - 3 throwing nets (quivered)
 e - a javelin
 i - 11 stones
Armour
 b - a +0 leather armour (worn)
 c - a +0 helmet (worn)
Jewellery
 k - a ring of willpower (left hand)
 m - an amulet of reflection (around neck)
Scrolls
 h - 2 scrolls of identify {unknown}
 j - 3 scrolls of acquirement {unknown}
Potions
 g - 2 potions of mutation {unknown}
 l - 2 potions of brilliance {unknown}
 n - a potion of enlightenment {unknown}


   Skills:
 * Level 2.4 Fighting
 * Level 3.1 Axes
 + Level 1.8 Throwing
 * Level 0.5 Armour
 + Level 2.9 Dodging


You had one spell level left.
You didn't know any spells.
Your spell library was empty.

Dungeon Overview and Level Annotations

Branches:
Dungeon (2/15)

Altars:

Shops:
D:1 [


Innate Abilities, Weirdness & Mutations

You are partially covered in rugged brown scales. (AC +1, +3% HP)


Message History

The goblin barely misses you.
You closely miss the goblin. The goblin barely misses you.
The goblin hits you but does no damage.
You closely miss the goblin. The goblin hits you with a +0 dagger.
You closely miss the goblin. The goblin misses you.
The goblin closely misses you.
You slash the goblin!
You kill the goblin!
You see here a +0 dagger.
Found a faded altar of an unknown god.
There is an open door here.
You see here a +0 dagger.
An endoplasm is nearby!
A goblin comes into view. It is wielding a +1 dagger of venom.
The endoplasm quivers.
You barely miss the goblin. The goblin hits you but does no damage.
You are poisoned.
You barely miss the goblin. You hit the endoplasm.
You feel very sick. The endoplasm freezes you.
You are frozen.
The goblin hits you with a +1 dagger of venom.
You are lethally poisoned!
You miss the goblin. You hit the endoplasm.
You feel very sick.
The endoplasm hits you but does no damage.
The goblin closely misses you. The goblin barely misses you.
You block the endoplasm's attack.
You hit the goblin.
You kill the goblin!
You hit the endoplasm.
You kill the endoplasm!
* * * LOW HITPOINT WARNING * * *
You feel very sick.
* * * LOW HITPOINT WARNING * * *
You feel very sick.
Things that are here:
a +1 dagger of venom; a goblin corpse It was a potion of haste.
You feel yourself speed up.
You die...

#.†.......# .
#####..######.#
#.......####..#
##.###.........
#....######.##
###.##..#.#..#
#.##..'.#..#
#.##.)#.#..##+##
#.##..#_#...@..#
#.##..###..#...#
#.###......#####
#.#..###...#
#.......####
###.........
#########.


There were no monsters in sight!

Vanquished Creatures
  A dart slug (D:2)
  A ball python (D:1)
  3 endoplasms
  3 goblins
  2 hobgoblins
  2 kobolds (D:1)
  4 bats
  A frilled lizard (D:1)
  5 rats
22 creatures vanquished.

Notes
Turn   | Place    | Note
-------+----------+-------------------------------------------
     0 | D:1      | gelatine the Demonspawn Gladiator began the quest for the
                  | Orb.
     0 | D:1      | Reached XP level 1. HP: 16/16 MP: 1/1
   128 | D:1      | Gained mutation: You are partially covered in rugged brown
                  | scales. (AC +1, +3% HP) [demonic ancestry]
   128 | D:1      | Reached XP level 2. HP: 15/22 MP: 2/2
   490 | D:1      | Found Jineec's Antique Armour Shoppe.
   638 | D:1      | Reached skill level 3 in Axes
   872 | D:2      | Found a faded altar of an unknown god.
   886 | D:2      | HP: 1/23 [poisoned by a goblin]
   887 | D:2      | Succumbed to a goblin's poison

Illustrated notes

Levels and vault maps discovered:
D:1:      erik_arrival_blinker_ship, layout_loops_ring, serial_shops, shop
D:2:      layout_basic, shapermc_ecumenical_altar_mp_vishouse,
          minmay_crystal_room

Skill      XL: |  1  2 |
---------------+-------+-----
Axes           | 3 |  3.1
Fighting       | |  2.4
Throwing       | |  1.8
Armour         | |  0.5
Dodging        | |  2.9

Action                     || total
---------------------------++-------
  Melee: War axe           ||    59
    Use: Potion            ||     1
   Stab: Sleeping          ||     2
 Armour: Leather armour    ||    42
  Dodge: Dodged            ||    48
  Block: Other             ||     4

Table legend: (Time is in decaauts)
 A = Elapsed time spent in this place.
 B = Non-inter-level travel time spent in this place.
 C = Inter-level travel time spent in this place.
 D = Time resting spent in this place.
 E = Time spent auto-exploring this place.
 F = Levels seen in this place.
 G = Mean time per level.
                   A        B        C        D        E       F      G
               +--------+--------+--------+--------+--------+-----+--------+
         Total |    906 |    868 |     38 |      0 |    670 |   2 |  453.0 |
       Dungeon |    906 |    868 |     38 |      0 |    670 |   2 |  453.0 |
               +--------+--------+--------+--------+--------+-----+--------+

Top non-repeatable levels by time:
     D:1: 799 daAuts
     D:2: 107 daAuts
